 Dungeon Crawl Stone Soup version 0.21-a0-92-g7bf63f6 (webtiles) character file.

2041 Ordine the Basher (level 9, -8/51 HPs)
             Began as a Gargoyle Fighter on July 1, 2017.
             Was a Believer of Okawaru.
             Killed by divine providence
             ... invoked by an orc priest
              (14 damage)
             ... on level 6 of the Dungeon.
             The game lasted 00:15:01 (6558 turns).

Ordine the Basher (Gargoyle Fighter)                Turns: 6558, Time: 00:15:02

Health: -8/51      AC: 19    Str: 19    XL:     9   Next: 24%
Magic:  9/9        EV:  9    Int: 10    God:    Okawaru [**....]
Gold:   281        SH: 11    Dex: 12    Spells: 8/8 levels left

rFire    + + .     SeeInvis .   a - +0 flail
rCold    . . .     Gourm    .   c - +0 shield
rNeg     + . .     Faith    .   i - +2 ring mail {rF+}
rPois    ∞         Spirit   .   j - +1 helmet
rElec    +         Reflect  .   q - +0 cloak
rCorr    .         Harm     .   e - +2 pair of gloves
MR       .....                  (no boots)
Stlth    +.........             (no amulet)
HPRegen  0.17/turn              o - ring of protection from fire
MPRegen  0.11/turn              (no ring)

@: no status effects
A: negative energy resistance 1, electricity resistance, unbreathing,
petrification resistance, rot immunity, AC +5
a: Heroism, Renounce Religion


You were on level 6 of the Dungeon.
You worshipped Okawaru.
Okawaru was pleased with you.
You were hungry.

You visited 2 branches of the dungeon, and saw 7 of its levels.

You collected 281 gold pieces.

Inventory:

Hand Weapons
 a - a +0 flail (weapon)
Armour
 c - a +0 shield (worn)
 e - a +2 pair of gloves (worn)
 i - a +2 ring mail of fire resistance (worn)
 j - a +1 helmet (worn)
 q - a +0 cloak (worn)
Jewellery
 o - a ring of protection from fire (left hand)
Wands
 r - a wand of clouds (3/9)
Scrolls
 b - 2 scrolls of remove curse
 k - a scroll of teleportation
 m - a scroll of immolation
Potions
 l - a potion of lignification
 n - a potion of flight
 p - 2 potions of mutation
 s - a potion of might
 t - a potion of magic
Comestibles
 d - 2 royal jellies
 f - 7 bread rations
 g - 4 meat rations
 h - 18 fruits
 u - a chunk of flesh


   Skills:
 - Level 3.2 Fighting
 * Level 9.9 Maces & Flails
 - Level 3.2 Armour
 + Level 8.2 Shields


You had 8 spell levels left.
You didn't know any spells.

Dungeon Overview and Level Annotations

Branches:
Dungeon (6/15)             Temple (1/1) D:4

Altars:
Ashenzari
Cheibriados
Dithmenos
Elyvilon
Fedhas
Gozag
Hepliaklqana
Kikubaaqudgha
Makhleb
Nemelex Xobeh
Okawaru
Qazlal
Ru
Sif Muna
Trog
Uskayaw
Vehumet
Wu Jian
Xom
Yredelemnul
Zin

Shops:
D:5 :


Innate Abilities, Weirdness & Mutations

You are resistant to torment.
Your stone body is resilient. (AC +5)
You are immune to poison.
You resist negative energy. (rN+)
You are resistant to electric shocks. (rElec)
You can survive without breathing.
You are immune to petrification.
You are immune to rotting.


Message History

Something hits you but does no damage. You block the orc priest's attack.
Unknown command.
You hit the orc priest.
The orc priest is heavily wounded.
Something hits you but does no damage.
The orc priest invokes the aid of Beogh against you.
Pain shoots through your body! Something hits you but does no damage.
Unknown command.
You feel better. Something hits you but does no damage.
The orc priest hits you but does no damage.
A magic dart appears from out of thin air!
The magic dart hits you!
The orc priest calls down the wrath of Beogh upon you.
Beogh smites you!
* * * LOW HITPOINT WARNING * * *
You open the door. Something hits you but does no damage.
The orc priest calls down the wrath of Beogh upon you.
The orc priest invokes the aid of Beogh against you.
Beogh smites you!
You die...

#.....#.............# #.....
#.....'.............# #.....
###..##.......o.>)..#+##.....
#..#.....######'#....##'###
#..#.....#...# .#....#.....
#..#.....o...# .+....#.....
#..#.....#...# .#....#.....
#..#.....#...# .#....#.....
####.....#@###+##....#.###.
####...........#'##.###.
#...........#........
#...........#........
#...........#........
#...........##..###..
...#####.....#..# ..
....#...#.....#... .
#...#.....#...# .


You could see an orc priest.

Vanquished Creatures
  The ghost of dricus the Cleaver, a novice HOFi (D:5)
  Sigmund (D:4)
  An ice beast (D:6)
  A phantom (D:4)
  4 ogres
  A centaur (D:6)
  A bullfrog (D:4)
  A scorpion (D:5)
  A crimson imp (D:4)
  A quasit (D:6)
  A gnoll shaman (D:4)
  3 orc priests
  Crazy Yiuf (D:2)
  2 hounds
  An orc wizard (D:4)
  2 iguanas
  4 worker ants
  A worker ant zombie (D:6)
  Robin (D:2)
  16 gnolls
  A howler monkey skeleton (D:5)
  12 adders
  A shadow imp (D:5)
  An ooze (D:3)
  5 worms
  A dart slug (D:3)
  2 leopard geckos
  14 orcs
  2 ball pythons (D:1)
  10 bats
  2 giant cockroaches
  16 goblins
  8 hobgoblins
  4 quokkas
  A frilled lizard (D:2)
  8 kobolds
  9 rats
142 creatures vanquished.

Vanquished Creatures (others)
  A goblin (D:2)
1 creature vanquished.

Grand Total: 143 creatures vanquished

Notes
Turn   | Place    | Note
-------+----------+-------------------------------------------
     0 | D:1      | Ordine the Gargoyle Fighter began the quest for the Orb.
     0 | D:1      | Reached XP level 1. HP: 14/14 MP: 1/1
   141 | D:1      | Found a snail-covered altar of Cheibriados.
   378 | D:1      | Reached XP level 2. HP: 19/19 MP: 2/2
   810 | D:2      | Reached XP level 3. HP: 22/23 MP: 3/3
   847 | D:2      | Reached skill level 3 in Maces & Flails
  1004 | D:2      | Noticed Robin
  1018 | D:2      | Reached XP level 4. HP: 25/28 MP: 4/4
  1039 | D:2      | Killed Robin
  1710 | D:2      | Found a runed door.
  1714 | D:2      | Noticed Crazy Yiuf
  1726 | D:2      | Killed Crazy Yiuf
  1726 | D:2      | Reached skill level 4 in Maces & Flails
  1726 | D:2      | Reached XP level 5. HP: 32/32 MP: 5/5
  2621 | D:3      | Reached skill level 5 in Maces & Flails
  2621 | D:3      | Reached skill level 5 in Shields
  2621 | D:3      | Reached XP level 6. HP: 25/37 MP: 6/6
  3376 | D:4      | Found a staircase to the Ecumenical Temple.
  3386 | D:4      | Noticed a phantom
  3456 | D:4      | Reached skill level 6 in Maces & Flails
  3456 | D:4      | Reached XP level 7. HP: 33/41 MP: 7/7
  3534 | Temple   | Entered the Ecumenical Temple
  3829 | Temple   | Became a worshipper of Warmaster Okawaru
  4333 | D:4      | Reached skill level 7 in Maces & Flails
  4452 | D:4      | Noticed Sigmund
  4493 | D:4      | Killed Sigmund
  4493 | D:4      | Reached XP level 8. HP: 37/46 MP: 8/8
  4713 | D:4      | Reached skill level 8 in Maces & Flails
  4856 | D:5      | Entered Level 5 of the Dungeon
  5033 | D:5      | Found Nearghesk's Book Shop.
  5057 | D:5      | Noticed dricus's ghost (novice HOFi)
  5107 | D:5      | Killed dricus's ghost
  5107 | D:5      | Reached * piety under Okawaru
  5367 | D:5      | Reached skill level 9 in Maces & Flails
  5935 | D:6      | Reached XP level 9. HP: 23/51 MP: 9/9
  6541 | D:6      | Reached ** piety under Okawaru
  6558 | D:6      | Killed from afar by an orc priest

Vault maps used:
D:1:      evilmike_arrival_hilbert_curve, cheibriados_altar_1
D:2:      lemuel_old_faithful, uniq_robin, uniq_crazy_yiuf_cottage
D:4:      kennysheep_big_flooded_room, minmay_temple_entry_steel_oval,
          first_bread, uniq_sigmund
D:5:      serial_shops, kennysheep_mini_moat
D:6:      serial_shops, kennysheep_little_box, solitary_fountain
Temple:   compressed_dpeg_triangle_lava_temple

Skill      XL: |  1  2  3  4  5  6  7  8  9 |
---------------+----------------------------+-----
Maces & Flails | 3 4 5 6 7 9 |  9.9
Shields        | 4 5 6 7 8 |  8.2
Fighting       | |  3.2
Armour         | |  3.2

Action                   |  1- 3 |  4- 6 |  7- 9 || total
-------------------------+-------+-------+-------++-------
Melee: Flail             |   112 |   314 |   347 ||   773
  Use: Scroll            |     8 |     5 |     3 ||    16
       Potion            |       |     6 |     6 ||    12
  Eat: Chunk             |       |     8 |    10 ||    18
       Fruit             |       |       |     1 ||     1
Armor: Scale mail        |     9 |       |       ||     9
       Chain mail        |    31 |       |       ||    31
       Ring mail         |    39 |   135 |   143 ||   317
       Skin              |       |       |     4 ||     4
Dodge: Dodged            |    27 |    84 |   102 ||   213
Block: Shield            |    68 |   185 |   170 ||   423
